 Dungeon Crawl Stone Soup version 0.30-a0-1018-g25214051b3 (webtiles) character file.

Game seed: 16034133354973726874

7056 gelatine the Chopper (level 10, -5/74 HPs)
             Began as a Demonspawn Gladiator on Apr 8, 2023.
             Slain by a death yak (9 damage)
             ... on level 8 of the Dungeon.
             The game lasted 00:28:07 (8116 turns).

gelatine the Chopper (Demonspawn Gladiator)         Turns: 8116, Time: 00:28:08

Health: -5/74      AC: 14    Str: 24    XL:     10   Next: 83%
Magic:  15/15      EV: 17    Int:  9    God:
Gold:   456        SH:  5    Dex: 16    Spells: 15/16 levels left

rFire   . . .      SeeInvis .    y - +12 quarterstaff of the Hurting Madman {chaos, rC+ Str+6}
rCold   + . .      Faith    .    (shield currently unavailable)
rNeg    . . .      Spirit   .    e - +2 scale mail {rPois}
rPois   +          Reflect  +    (helmet restricted)
rElec   .          Rampage  .    n - +1 cloak
rCorr   +                        d - +1 pair of gloves
Will    .....                    (no boots) Stlth
                                 K - amulet of reflection
HPRegen 0.32/turn                j - ring of resist corrosion
MPRegen 0.14/turn                b - +5 ring of evasion

@: hasted, very quick
A: antennae 2, claws 1, hooves 1, powered by death 1
a: no special abilities


You were on level 8 of the Dungeon.
You visited 1 branch of the dungeon, and saw 8 of its levels.
You also visited: Bailey.

You collected 456 gold pieces.

Inventory:

Hand Weapons
 x - the +2 long sword of Integrity {venom, rC+ Will+ rCorr}
   (You found it on level 5 of the Dungeon)

   rC:        It protects you from cold.
   rCorr:     It protects you from acid and corrosion.
   Will:      It increases your willpower.
 y - the +12 quarterstaff of the Hurting Madman (weapon) {chaos, rC+ Str+6}
   (You found it on level 5 of the Dungeon)

   Str:       It affects your strength (+6).
   rC:        It protects you from cold.
 G - a +0 broad axe
Missiles
 v - 6 poisoned darts
 L - a throwing net
 M - 7 boomerangs (quivered)
Armour
 d - a +1 pair of gloves (worn)
 e - a +2 scale mail of poison resistance (worn)
 g - the +0 robe of Noon {rElec Will- rCorr}
   (You took it off a hobgoblin on level 3 of the Dungeon)

   rElec:     It insulates you from electricity.
   rCorr:     It protects you from acid and corrosion.
   Will:      It decreases your willpower.
 n - a +1 cloak (worn)
 o - a +2 robe of willpower
 q - a +3 ring mail
Jewellery
 b - a +5 ring of evasion (right hand)
 c - a ring of protection from cold
 j - a ring of resist corrosion (left hand)
 r - a +6 ring of intelligence
 K - an amulet of reflection (around neck)
Wands
 p - a wand of charming (17)
 A - a wand of flame (9)
 H - a wand of light (8)
Scrolls
 a - 2 scrolls of noise {unknown}
 h - 4 scrolls of fog
 i - a scroll of magic mapping
 u - 2 scrolls of silence {unknown}
 w - 2 scrolls of vulnerability {unknown}
 C - a scroll of brand weapon {unknown}
 D - 2 scrolls of enchant weapon {unknown}
 E - a scroll of immolation {unknown}
 F - a scroll of enchant armour {unknown}
 I - a scroll of poison {unknown}
Potions
 f - a potion of lignification
 k - a potion of flight
 l - 4 potions of haste
 m - a potion of mutation
 s - a potion of ambrosia
 t - a potion of degeneration
 z - 3 potions of brilliance
 B - a potion of experience {unknown}
 J - a potion of resistance {unknown}


   Skills:
 * Level 5.4 Fighting
 + Level 1.2 Long Blades
 + Level 6.6 Axes
 * Level 5.7 Staves
 + Level 3.4 Throwing
 * Level 5.6 Armour
 * Level 5.2 Dodging
 + Level 0.9 Stealth
 + Level 1.0 Shields
 + Level 3.9 Spellcasting
 + Level 4.9 Conjurations
 + Level 3.5 Fire Magic
 + Level 4.2 Evocations


You had 15 spell levels left.
You knew the following spells:

 Your Spells              Type           Power      Damage    Failure   Level
a - Foxfire               Conj/Fire      36%        2x1d5     11%         1

Your spell library contained the following spells:

 Spells                   Type           Power      Damage    Failure   Level
 Magic Dart               Conj           40%        1d5       9%          1
 Static Discharge         Conj/Air       12%        2-3/arc   34%         2
 Inner Flame              Hex/Fire       5%         N/A       65%         3
 Call Imp                 Summ           2%         N/A       67%         2
 Mephitic Cloud           Conj/Pois/Air  4%         N/A       67%         3
 Flame Wave               Conj/Fire      9%         2d6       71%         4
 Sticky Flame             Conj/Fire      9%         2d3       71%         4
 Ozocubu's Armour         Ice            1%         N/A       88%         3
 Iskenderun's Battlesphe  Conj           10%        2d6       92%         5
 Fireball                 Conj/Fire      4%         3d4       96%         5
 Airstrike                Air            0%         2d(1-17)  99%         4
 Summon Lightning Spire   Summ/Air       1%         N/A       99%         4
 Metabolic Englaciation   Hex/Ice        0%         N/A       100%        5
 Iron Shot                Conj/Erth      3%         9d2       100%        6
 Plasma Beam              Fire/Air       2%         2x1d14    100%        6
 Simulacrum               Ice/Necr       0%         N/A       100%        6
 Starburst                Conj/Fire      4%         6d4       100%        6
 Spellforged Servitor     Conj/Summ      3%         N/A       100%        7


Dungeon Overview and Level Annotations

Branches:
Dungeon (8/15)             Temple (0/1) D:6          Bailey (visited)
   Lair: D:8-11

Altars:
Cheibriados
Qazlal
Ru
Uskayaw
Vehumet
Wu Jian
Xom

Shops:
D:4 [   D:5 [[


Innate Abilities, Weirdness & Mutations

You have a pair of antennae on your head.
You have sharp fingernails.
You have large cloven feet.
You regenerate a little health from kills.


Message History

You hit the yak.
The yak is severely wounded.
The death yak gores you!
* * * LOW HITPOINT WARNING * * *
You sock the yak!
You kill the yak!
You block the death yak's attack. The death yak attacks as you move away!
You block the death yak's attack.
You see here a yak corpse.
You barely miss the death yak. Your kick misses the death yak.
The death yak is heavily wounded.
The death yak misses you.
You completely miss the death yak.
You kick the death yak, but do no damage.
The death yak is heavily wounded.
The death yak completely misses you.
You sock the death yak! You freeze the death yak.
You kick the death yak, but do no damage.
The death yak is severely wounded.
The death yak closely misses you.
You sock the death yak!
The death yak seems to speed up.
Your kick misses the death yak.
The death yak is almost dead.
The death yak barely misses you. The death yak completely misses you.
You hit the death yak but do no damage.
The death yak resists with almost no effort.
The death yak is almost dead.
The death yak misses you.
You hit the death yak.
The death yak is almost dead.
The death yak gores you!!
* * * LOW HITPOINT WARNING * * *
The sky beast flickers out of sight!
Deactivating autopickup; reactivate with Ctrl-A.
The yak misses you.
The death yak snorts and paws the ground.
The death yak gores you but does no damage.
You feel yourself speed up. The yak completely misses you.
The death yak gores you!
You die...

#......... ##........
#........ . #........ .. .
#........ ... ..####........
.... #............. .....
##.#.#...#############......
#.#.......##...@YY{YY....$.
##.###)#.).....Y###r#.......
..................{.#.#.#...
..........##.#.c........# .
...).........###.###...#
......#.####.......###..
..<...#.# #.#.....# .##
........# #...##.......
######.## ###..##...<...


You could see a death yak (fast, strong), 4 yaks, a centaur and a river rat.

Vanquished Creatures
  2 death yaks (D:8)
  2 orc knights (Bailey)
  2 kobold demonologists (Bailey)
  A komodo dragon (shapeshifter) (Bailey)
  A yak (D:8)
  A steam dragon (D:6)
  A water moccasin (D:5)
  11 orc warriors (Bailey)
  3 ice beasts
  2 sky beasts (D:6)
  3 black bears
  2 ogres (D:5)
  A centaur (D:7)
  2 phantoms (D:5)
  A bullfrog (D:8)
  A gnoll sergeant (D:7)
  4 scorpions
  8 wights (D:7)
  4 electric eels (Bailey)
  2 howler monkeys (D:7)
  5 hounds
  2 jellies (D:6)
  An orc priest (D:8)
  A sleepcap (D:5)
  Jessica (D:2)
  An iguana (D:4)
  5 orc wizards
  A hell rat (D:8)
  6 gnolls
  9 adders
  2 shadow imps
  8 worms
  2 dart slugs
  28 orcs
  6 ball pythons
  3 endoplasms
  A giant cockroach (D:3)
  11 goblins
  13 hobgoblins
  7 kobolds
  4 quokkas
  7 bats
  3 frilled lizards
  5 rats
  2 bushes (D:1)
188 creatures vanquished.

Vanquished Creatures (others)
  An orc wizard (D:6)
  An orc (D:6)
  An orc zombie (D:6)
  3 demonic plants (D:1)
  34 foxfires
  4 fungi (D:1)
  13 plants (D:1)
  A withered plant (D:1)
58 creatures vanquished.

Grand Total: 246 creatures vanquished

Notes
Turn   | Place    | Note
-------+----------+-------------------------------------------
     0 | D:1      | gelatine the Demonspawn Gladiator began the quest for the
                  | Orb.
     0 | D:1      | Reached XP level 1. HP: 16/16 MP: 1/1
   248 | D:1      | Found a faded altar of an unknown god.
   258 | D:1      | Gained mutation: You regenerate a little health from kills.
                  | [demonic ancestry]
   258 | D:1      | Reached XP level 2. HP: 22/22 MP: 2/2
   297 | D:1      | Reached skill level 3 in Axes
  1215 | D:2      | Reached XP level 3. HP: 27/27 MP: 3/3
  1411 | D:2      | Noticed Jessica
  1417 | D:2      | Killed Jessica
  1418 | D:2      | Discovered your monstrous ancestry.
  1418 | D:2      | Gained mutation: You have sharp fingernails. [demonic
                  | ancestry]
  1418 | D:2      | Reached XP level 4. HP: 18/33 MP: 4/4
  1518 | D:2      | Found a radiant altar of Vehumet.
  1581 | D:3      | Learned a level 1 spell: Foxfire
  2053 | D:3      | Identified the +0 robe of Noon {rElec Will- rCorr}
  2152 | D:3      | Reached skill level 1 in Fire Magic
  2188 | D:3      | Reached skill level 1 in Evocations
  2188 | D:3      | Reached XP level 5. HP: 20/38 MP: 5/5
  2362 | D:4      | Found Igutheyxzu's Armour Emporium.
  2682 | D:4      | Reached skill level 1 in Armour
  2715 | D:4      | Reached skill level 4 in Axes
  3218 | D:4      | Found a broken altar of Ashenzari.
  3220 | D:4      | Found a shimmering altar of Xom.
  3222 | D:4      | Found a broken altar of Ashenzari.
  3222 | D:4      | Found an ornate altar of the Wu Jian Council.
  3222 | D:4      | Found a broken altar of Ashenzari.
  3385 | D:5      | Entered Level 5 of the Dungeon
  3393 | D:5      | Reached skill level 1 in Conjurations
  3405 | D:5      | Identified the +2 long sword of Integrity {venom, rC+ Will+
                  | rCorr}
  3442 | D:5      | Noticed an ogre
  3449 | D:5      | Gained mutation: You have a pair of small antennae on your
                  | head. [demonic ancestry]
  3449 | D:5      | Reached XP level 6. HP: 10/44 MP: 6/6
  3544 | D:5      | Found an ornate altar of the Wu Jian Council.
  3545 | D:5      | Found a snail-covered altar of Cheibriados.
  3545 | D:5      | Identified the +12 quarterstaff of the Hurting Madman
                  | {chaos, rC+ Str+6}
  3550 | D:5      | Found a hide-covered altar of Uskayaw.
  3556 | D:5      | Reached skill level 1 in Spellcasting
  3587 | D:5      | Reached skill level 5 in Axes
  3587 | D:5      | Gained mutation: You have large cloven feet. [demonic
                  | ancestry]
  3587 | D:5      | Reached XP level 7. HP: 51/51 MP: 8/8
  3635 | D:5      | Found Conyof's Antique Armour Boutique.
  3702 | D:5      | Found Nasat's Armour Boutique.
  3935 | D:5      | Reached skill level 1 in Long Blades
  3939 | D:5      | Gained mutation: You have a pair of antennae on your head.
                  | [demonic ancestry]
  3939 | D:5      | Reached XP level 8. HP: 18/57 MP: 9/11
  4150 | D:5      | Reached skill level 1 in Staves
  4304 | D:6      | Found a staircase to the Ecumenical Temple.
  5190 | D:6      | Found a sacrificial altar of Ru.
  5212 | D:6      | Reached XP level 9. HP: 65/65 MP: 13/13
  5220 | D:6      | Found a radiant altar of Vehumet.
  5389 | D:7      | Found a flagged portal.
  5406 | Bailey   | Entered a bailey
  5489 | Bailey   | Reached skill level 6 in Axes
  5503 | Bailey   | Noticed a kobold demonologist
  5515 | Bailey   | Noticed a rust devil
  5517 | Bailey   | Killed a kobold demonologist
  5759 | Bailey   | Found an iron altar of Okawaru.
  5759 | Bailey   | Noticed a kobold demonologist
  5759 | Bailey   | Noticed an orc knight
  5761 | Bailey   | Noticed a sun demon
  5782 | Bailey   | Killed an orc knight
  5785 | Bailey   | Killed a kobold demonologist
  5786 | Bailey   | Reached XP level 10. HP: 14/73 MP: 15/15
  6092 | Bailey   | an orc warrior changed into a glowing shapeshifter
  6092 | Bailey   | Noticed a glowing shapeshifter (glowing shapeshifter)
  6092 | Bailey   | a glowing shapeshifter changed into an orb spider
  6092 | Bailey   | Noticed an orb spider (glowing shapeshifter)
  6096 | Bailey   | an orb spider changed into an elephant
  6096 | Bailey   | Noticed an elephant (glowing shapeshifter)
  6098 | Bailey   | an elephant changed into a komodo dragon
  6309 | Bailey   | Noticed an orc knight
  6321 | Bailey   | Killed an orc knight
  6917 | Bailey   | Acquired a +5 ring of evasion
  7623 | D:7      | Found a stormy altar of Qazlal.
  7814 | D:7      | Reached skill level 5 in Fighting
  7835 | D:7      | Reached skill level 5 in Armour
  8072 | D:8      | Noticed a death yak
  8072 | D:8      | Noticed a death yak
  8091 | D:8      | Noticed a death yak
  8095 | D:8      | Killed a death yak
  8096 | D:8      | Reached skill level 5 in Staves
  8096 | D:8      | Reached skill level 5 in Dodging
  8097 | D:8      | Killed a death yak
  8098 | D:8      | Reached skill level 1 in Shields
  8116 | D:8      | Slain by a death yak

Illustrated notes

Levels and vault maps discovered:
D:1:      doesnt_arrival_eight_statues, layout_basic, serial_forest,
          infiniplex_forest_join, infiniplex_forest_split,
          infiniplex_forest_corner_2, infiniplex_forest_end_1,
          infiniplex_forest_clump_curved, infiniplex_forest_clump_cross,
          shapermc_ecumenical_altar_gd, st_stairs_13, minmay_shallow_snake_nest
D:2:      layout_basic, basic_altar, uniq_jessica
D:3:      layout_rooms
D:4:      layout_loops_corners, elyvilon_altar_5, doesnt_xom_only_xom,
          serial_shops, nicolae_shop_stone
D:5:      layout_gridville, gammafunk_temple_overflow_forgotten, serial_shops,
          nicolae_shop_crystal, shop, glass_columns_a, nicolae_wormholes
D:6:      layout_basic, mainiacjoe_overflow_two_lobes,
          minmay_temple_entry_drinking_statues
D:7:      layout_gridville, mainiacjoe_overflow_large_starburst, enter_bailey_3
D:8:      layout_rooms, dpeg_lair_monsters, minmay_misc_feat_room,
          minmay_misc_feat_tiny

Skill      XL: |  1  2  3  4  5  6  7  8  9 10 |
---------------+-------------------------------+-----
Dodging        | 3 4 5 |  5.2
Axes           | 3 4 5 6 |  6.6
Fire Magic     | 1 2 3 |  3.5
Evocations     | 1 2 3 4 |  4.2
Armour         | 1 2 3 4 5 |  5.6
Conjurations   | 1 2 3 4 |  4.9
Spellcasting   | 1 2 3 |  3.9
Throwing       | 2 3 |  3.4
Long Blades    | 1 |  1.2
Fighting       | 3 4 5 |  5.4
Staves         | 2 4 5 |  5.7
Shields        | 1 |  1.0
Stealth        | |  0.9

Action                     |  1- 3 |  4- 6 |  7- 9 | 10-12 || total
---------------------------+-------+-------+-------+-------++-------
  Melee: War axe           |   230 |    98 |       |       ||   328
         Punch             |     4 |       |       |       ||     4
         Long sword        |       |     8 |       |       ||     8
         Quarterstaff      |       |    12 |   156 |   147 ||   315
         Kick              |       |       |    31 |    39 ||    70
  Throw: Throwing net      |     1 |     2 |     1 |       ||     4
         Dart              |       |     1 |    62 |    11 ||    74
         Javelin           |       |     1 |     1 |     1 ||     3
         Boomerang         |       |       |       |    19 ||    19
   Cast: Foxfire           |       |     3 |    12 |     2 ||    17
    Use: Scroll            |       |     9 |     5 |     2 ||    16
         Potion            |       |     2 |     4 |     3 ||     9
   Stab: Held in net/web   |     1 |       |     1 |       ||     2
         Sleeping          |       |     1 |       |       ||     1
 Armour: Leather armour    |    36 |    20 |       |       ||    56
         Ring mail         |       |    17 |    46 |       ||    63
         Scale mail        |       |       |     2 |    18 ||    20
         Chain mail        |       |       |       |     6 ||     6
  Dodge: Dodged            |    73 |    66 |    87 |    89 ||   315
  Block: Other             |       |       |       |    12 ||    12

Table legend: (Time is in decaauts)
 A = Elapsed time spent in this place.
 B = Non-inter-level travel time spent in this place.
 C = Inter-level travel time spent in this place.
 D = Time resting spent in this place.
 E = Time spent auto-exploring this place.
 F = Levels seen in this place.
 G = Mean time per level.
                   A        B        C        D        E       F      G
               +--------+--------+--------+--------+--------+-----+--------+
         Total |   8265 |   7966 |    299 |      0 |   5821 |   9 |  918.3 |
       Dungeon |   6505 |   6206 |    299 |      0 |   4579 |   8 |  813.1 |
        Bailey |   1760 |   1760 |      0 |      0 |   1241 |   1 | 1760.0 |
               +--------+--------+--------+--------+--------+-----+--------+

Top non-repeatable levels by time:
  Bailey: 1760 daAuts
     D:1: 1246 daAuts
     D:4: 1121 daAuts
     D:6: 1038 daAuts
     D:5: 931 daAuts
     D:7: 911 daAuts
     D:3: 724 daAuts
     D:2: 397 daAuts
     D:8: 134 daAuts
